 Dungeon Crawl Stone Soup version 0.29.1-14-g9c671dbff4 (webtiles) character file.

Game seed: 14662743236934655594

289 fleeber the Slasher (level 6, 0/48 HPs)
             Began as a Merfolk Gladiator on Feb 19, 2023.
             Slain by Eustachio
             ... wielding a +1 rapier of electrocution
              (7 damage)
             ... on level 4 of the Dungeon.
             The game lasted 00:10:10 (3783 turns).

fleeber the Slasher (Merfolk Gladiator)             Turns: 3783, Time: 00:10:11

Health: 0/48       AC:  6    Str: 21    XL:     6   Next: 31%
Magic:  6/6        EV: 10    Int:  7    God:
Gold:   192        SH: 11    Dex: 17    Spells: 5/5 levels left

rFire   . . .      SeeInvis .   a - +0 long sword
rCold   + . .      Faith    .   z - +0 tower shield
rNeg    . . .      Spirit   .   b - +0 leather armour
rPois   .          Reflect  .   c - +0 helmet
rElec   .          Harm     .   h - +0 cloak
rCorr   .          Rampage  .   (no gloves)
Will    .....                   w - +0 pair of boots
Stlth   +.........              (no amulet)
HPRegen 0.16/turn               v - +6 ring of strength
MPRegen 0.10/turn               B - ring of protection from cold

@: mighty
A: (nimble swimmer 2), mertail
a: no special abilities


You were on level 4 of the Dungeon.
You visited 1 branch of the dungeon, and saw 4 of its levels.

You collected 192 gold pieces.

Inventory:

Hand Weapons
 a - a +0 long sword (weapon)
Missiles
 d - 3 throwing nets
 e - a javelin
 s - 5 poisoned darts (quivered)
 t - 15 stones
Armour
 b - a +0 leather armour (worn)
 c - a +0 helmet (worn)
 h - a +0 cloak (worn)
 w - a +0 pair of boots (worn)
 z - a +0 tower shield (worn)
Jewellery
 v - a +6 ring of strength (left hand)
 B - a ring of protection from cold (right hand)
Wands
 y - a wand of flame (17)
Scrolls
 g - 3 scrolls of identify {unknown}
 j - 3 scrolls of noise {unknown}
 k - 2 scrolls of amnesia {unknown}
 m - a scroll of brand weapon {unknown}
 n - a scroll of magic mapping {unknown}
 q - a scroll of enchant weapon {unknown}
 r - a scroll of poison {unknown}
 A - 2 scrolls of blinking {unknown}
Potions
 f - a potion of mutation {unknown}
 l - a potion of haste {unknown}
 o - a potion of lignification {unknown}
 p - a potion of flight {unknown}
 u - 2 potions of curing {unknown}
 x - 2 potions of degeneration {unknown}
 C - a potion of heal wounds {unknown}


   Skills:
 + Level 3.9 Fighting
 * Level 6.4 Long Blades
 - Level 2.0 Throwing
 + Level 5.6 Dodging


You had 5 spell levels left.
You didn't know any spells.
Your spell library contained the following spells:

 Spells                   Type           Power      Damage    Failure   Level
 Blink                    Tloc           0%         N/A       100%        2
 Passwall                 Tmut/Erth      0%         N/A       100%        2
 Static Discharge         Conj/Air       0%         3-3/arc   100%        2
 Lesser Beckoning         Tloc           0%         N/A       100%        3
 Corpse Rot               Necr/Pois/Air  0%         N/A       100%        4
 Dispel Undead            Necr           0%         3d6       100%        4
 Olgreb's Toxic Radiance  Pois           0%         N/A       100%        4
 Sticky Flame             Conj/Fire      0%         2d3       100%        4
 Manifold Assault         Tloc           0%         N/A       100%        5


Dungeon Overview and Level Annotations

Branches:
Dungeon (4/15)
 Temple: D:4-7

Altars:

Annotations:
D:2 exclusion: downstairs
D:4 Eustachio


Innate Abilities, Weirdness & Mutations

((You are very nimble when in or above water. (Stealth+, EV+, Speed+++)))
Your lower body shifts to a powerful aquatic tail in water.


Message History

You throw a poisoned dart. The poisoned dart hits Eustachio.
Eustachio is poisoned.
Eustachio is lightly wounded.
Press: ? - help, v - describe, . - travel, g - get item Item here: a poisoned dart.
The floor.
Eustachio casts a spell.
Eustachio blinks!
You block Eustachio's attack.
You see here a +0 leather armour.
You miss Eustachio.
Eustachio is lightly wounded.
Eustachio hits you with a +1 rapier of electrocution.
You are electrocuted!!
Eustachio mumbles some strange words.
Eustachio blinks!
Eustachio gestures wildly while chanting.
Eustachio blinks!
Eustachio looks more healthy.
Eustachio misses you.
You slash Eustachio!
Eustachio is moderately wounded.
Eustachio closely misses you. You block Eustachio's attack.
You barely miss Eustachio.
Eustachio is moderately wounded.
Eustachio closely misses you.
You slash Eustachio!
Eustachio is heavily wounded.
Eustachio hits you with a +1 rapier of electrocution. x2
You are electrocuted!
* * * LOW HITPOINT WARNING * * *
You barely miss Eustachio.
Eustachio is heavily wounded.
You block Eustachio's attack.
You feel very mighty all of a sudden.
Eustachio mumbles some strange words.
You slice Eustachio!!
Eustachio is almost dead.
Eustachio barely misses you.
Eustachio hits you with a +1 rapier of electrocution!
You die...

#.. #.# #.# #(#
#o #.# #. #.#
#. #5# .> #@#
#. #@#### #.#
#. #....#
#.##.## ##.
######.#
#...... #.. ..#
#.# #.##.##
#..##.# #.#
#.##.# #...#.#
#.#######.##.#
#.#.#<#
#.......#.##.##
#.....#
#######.#.##...
###.###
#.#....##


You could see Eustachio and an iron imp (summoned).

Vanquished Creatures
  A howler monkey (D:4)
  An orc priest (D:3)
  A hound (D:4)
  Jessica (D:3)
  Natasha (D:2)
  6 adders
  3 worms
  A dart slug (D:1)
  11 orcs
  8 ball pythons
  4 bats
  5 endoplasms
  3 giant cockroaches
  7 goblins
  4 hobgoblins
  2 kobolds
  3 quokkas
  2 frilled lizards
  2 rats
66 creatures vanquished.

Notes
Turn   | Place    | Note
-------+----------+-------------------------------------------
     0 | D:1      | fleeber the Merfolk Gladiator began the quest for the Orb.
     0 | D:1      | Reached XP level 1. HP: 16/16 MP: 1/1
   118 | D:1      | Reached skill level 4 in Long Blades
   118 | D:1      | Reached XP level 2. HP: 23/23 MP: 2/2
   683 | D:1      | Reached XP level 3. HP: 26/28 MP: 3/3
  1183 | D:2      | Found a faded altar of an unknown god.
  1267 | D:2      | Noticed Natasha
  1272 | D:2      | Killed Natasha
  1273 | D:2      | Reached skill level 5 in Long Blades
  1273 | D:2      | Reached XP level 4. HP: 18/35 MP: 4/4
  1667 | D:2      | Noticed Jessica
  1973 | D:2      | Got Qoah's Incunable of the Reshaped Snake
  2514 | D:3      | Reached skill level 5 in Dodging
  2538 | D:3      | Reached XP level 5. HP: 26/41 MP: 5/5
  2894 | D:3      | Killed Jessica
  3314 | D:4      | Reached skill level 6 in Long Blades
  3314 | D:4      | Reached XP level 6. HP: 36/48 MP: 6/6
  3738 | D:4      | Noticed Eustachio
  3783 | D:4      | Slain by Eustachio

Illustrated notes

Levels and vault maps discovered:
D:1:      dpeg_arrival_windows_large_door, layout_basic
D:2:      layout_loops_ring, ebering_ecumenical_altar_hall, uniq_natasha,
          uniq_jessica
D:3:      layout_basic, grunt_ministairs_2, minmay_tree_intersection
D:4:      layout_loops_ring, nicolae_overflow_hidden_temple,
          general_overflow_altar, minmay_temple_entry_junction_2,
          gup_sewer_entry_pipe, uniq_eustachio

Skill      XL: |  1  2  3  4  5 |
---------------+----------------+-----
Long Blades    | 4 5 6 |  6.4
Fighting       | 3 |  3.9
Dodging        | 5 |  5.6
Throwing       | |  2.0

Action                   |  1- 3 |  4- 6 || total
-------------------------+-------+-------++-------
Melee: Long sword        |    94 |   153 ||   247
       Punch             |     1 |       ||     1
Throw: Dart              |       |     4 ||     4
  Use: Potion            |       |     2 ||     2
 Stab: Sleeping          |     3 |     1 ||     4
Armor: Leather armour    |    27 |    41 ||    68
Dodge: Dodged            |    62 |    90 ||   152
Block: Tower shield      |       |    49 ||    49
